 Dungeon Crawl Stone Soup version 0.30-a0-913-g9934a0ce24 (webtiles) character file.

Game seed: 7091928124574238286

10479 pokeman the Eclecticist (level 11, -13/60 HPs)
             Began as a Deep Elf Hedge Wizard on Mar 19, 2023.
             Was a Believer of Vehumet.
             Shot with a bolt by a yaktaur (16 damage)
             ... on level 11 of the Dungeon.
             The game lasted 00:30:16 (13695 turns).

pokeman the Eclecticist (Deep Elf Hedge Wizard)    Turns: 13695, Time: 00:30:17

Health: -13/60     AC:  9    Str: 10    XL:     11   Next: 36%
Magic:  27/32      EV: 13    Int: 24    God:    Vehumet [**....]
Gold:   526        SH:  5    Dex: 14    Spells: 24/40 levels left

rFire   + . .      SeeInvis +    R - +1 dagger (venom)
rCold   + + .      Faith    .    (no shield)
rNeg    . . .      Spirit   .    K - +2 robe {rC+ rF+}
rPois   .          Reflect  +    U - +2 helmet {SInv}
rElec   .          Rampage  .    (no cloak)
rCorr   .                        c - +0 pair of gloves {Str+3}
Will    +....                    y - +0 pair of boots
Stlth   ++                       n - amulet of reflection
HPRegen 0.30/turn                u - ring of wizardry
MPRegen 0.23/turn                t - ring of protection from cold

@: no status effects
A: no striking features
a: Renounce Religion


You were on level 11 of the Dungeon.
You worshipped Vehumet.
Vehumet was pleased with you.
You visited 2 branches of the dungeon, and saw 12 of its levels.

You collected 741 gold pieces.
You spent 215 gold pieces at shops.

Inventory:

Hand Weapons
 x - the +5 flail "Witiwy" {heavy, Dex+3}
   (You found it on level 5 of the Dungeon)

   Dex:       It affects your dexterity (+3).
 R - a +1 dagger of venom (weapon)
Missiles
 E - 2 curare-tipped darts
 T - 2 throwing nets
Armour
 c - a +0 pair of gloves of strength (worn)
 y - a +0 pair of boots (worn)
 K - a +2 robe of resistance (worn)
 S - a +0 troll leather armour
 U - a +2 helmet of see invisible (worn)
Magical Staves
 b - a staff of fire
Jewellery
 n - an amulet of reflection (around neck)
 t - a ring of protection from cold (right hand)
 u - a ring of wizardry (left hand)
Wands
 a - a wand of mindburst (3)
 F - a wand of polymorph (9)
 O - a wand of roots (12)
Scrolls
 e - 4 scrolls of blinking {unknown}
 f - 5 scrolls of fog {unknown}
 h - 2 scrolls of fear {unknown}
 j - 2 scrolls of identify {unknown}
 l - 3 scrolls of magic mapping {unknown}
 m - a scroll of amnesia {unknown}
 o - 5 scrolls of teleportation {unknown}
 p - 2 scrolls of enchant armour {unknown}
 r - 3 scrolls of enchant weapon {unknown}
 s - a scroll of immolation {unknown}
 v - a scroll of torment {unknown}
 w - a scroll of butterflies {unknown}
 D - 2 scrolls of silence {unknown}
 I - 2 scrolls of noise {unknown}
 J - a scroll of acquirement {unknown}
 P - a scroll of vulnerability {unknown}
Potions
 d - a potion of magic
 g - 6 potions of curing {unknown}
 i - 3 potions of berserk rage {unknown}
 k - 4 potions of mutation {unknown}
 q - 2 potions of heal wounds
 z - 2 potions of invisibility {unknown}
 A - 2 potions of degeneration {unknown}
 B - 2 potions of flight {unknown}
 C - 2 potions of might {unknown}
 G - a potion of attraction {unknown}
 H - a potion of lignification {unknown}
 L - a potion of cancellation {unknown}
 N - a potion of resistance
 Q - 2 potions of brilliance {unknown}


   Skills:
 - Level 3.0 Fighting
 + Level 3.3 Armour
 - Level 3.0 Dodging
 - Level 3.1 Stealth
 - Level 4.0 Shields
 * Level 15.0 Spellcasting
 + Level 9.5 Conjurations
 - Level 1.1 Summonings
 - Level 1.1 Translocations
 + Level 7.9 Fire Magic
 - Level 1.1 Air Magic
 - Level 2.0 Earth Magic
 - Level 1.0 Poison Magic
 - Level 1.0 Evocations


You had 24 spell levels left.
You knew the following spells:

 Your Spells              Type           Power      Damage    Failure   Level
a - Magic Dart            Conj           100%       1d8       1%          1
b - Mephitic Cloud        Conj/Pois/Air  36%        N/A       1%          3
c - Call Imp              Summ           23%        N/A       1%          2
d - Blink                 Tloc           46%        N/A       1%          2
e - Foxfire               Conj/Fire      100%       2x1d9     1%          1
f - Flame Wave            Conj/Fire      56%        2d13      1%          4
g - Stone Arrow           Conj/Erth      90%        3d12      1%          3

Your spell library contained the following spells:

 Spells                   Type           Power      Damage    Failure   Level
 Shock                    Conj/Air       100%       1d9       1%          1
 Beastly Appendage        Tmut           36%        N/A       1%          1
 Kiss of Death            Conj/Necr      100%       2d13      1%          1
 Sandblast                Erth           56%        2d13      1%          1
 Slow                     Hex            72%        N/A       1%          1
 Cigotuvi's Dreadful Rot  Necr/Pois/Air  42%        N/A       1%          2
 Passwall                 Tmut/Erth      19%        N/A       1%          2
 Poisonous Vapours        Pois/Air       46%        N/A       1%          2
 Scorch                   Fire           100%       2d10      1%          2
 Wereblood                Tmut           18%        N/A       1%          2
 Hailstorm                Conj/Ice       40%        3d10      1%          3
 Vhi's Electric Charge    Tloc/Air       46%        N/A       2%          3
 Portal Projectile        Hex/Tloc       40%        N/A       3%          3
 Spider Form              Tmut/Pois      20%        N/A       3%          3
 Confusing Touch          Hex            18%        N/A       4%          3
 Tukima's Dance           Hex            18%        N/A       4%          3
 Arcjolt                  Conj/Air       21%        1d31      4%          5
 Irradiate                Conj/Tmut      20%        3d18      4%          5
 Passage of Golubria      Tloc           23%        N/A       9%          4
 Summon Ice Beast         Ice/Summ       20%        N/A       11%         4
 Dispel Undead            Necr           18%        3d11      12%         4
 Ice Form                 Ice/Tmut       18%        N/A       12%         4
 Silence                  Hex/Air        10%        N/A       26%         5
 Summon Mana Viper        Hex/Summ       20%        N/A       26%         5
 Blade Hands              Tmut           9%         N/A       32%         5
 Summon Cactus Giant      Summ           11%        N/A       73%         6
 Simulacrum               Ice/Necr       9%         N/A       86%         6
 Monstrous Menagerie      Summ           11%        N/A       99%         7
 Lehudib's Crystal Spear  Conj/Erth      22%        10d6      99%         8
 Dragon Form              Tmut           9%         N/A       100%        7
 Maxwell's Capacitive Co  Air            11%        ∞         100%        8


Dungeon Overview and Level Annotations

Branches:
Dungeon (11/15)            Temple (1/1) D:4
   Lair: D:8-11         Orc: D:9-12

Altars:
Ashenzari
Cheibriados
Dithmenos
Elyvilon
Fedhas
Gozag
Hepliaklqana
Kikubaaqudgha
Makhleb
Nemelex Xobeh
Okawaru
Qazlal
Ru
Sif Muna
Trog
Uskayaw
Vehumet
Wu Jian
Xom
Yredelemnul
Zin
The Shining One

Shops:
D:2 =(   D:10 [

Portals:
Trove: D:10 (give +2 fire dragon scales)


Message History

Unknown command.
Unknown command.
Okay, then.
Unknown command.
You close the door.
A yaktaur breaks down the door.
The yaktaur shoots a bolt.
The bolt hits you!!
Unknown command.
Unknown command.
The yaktaur is engulfed in noxious fumes.
The yaktaur appears confused.
The yaktaur shoots a bolt.
The bolt misses you.
The yaktaur is engulfed in noxious fumes.
The yaktaur appears confused.
The yaktaur shoots a bolt.
You reflect the bolt off an invisible shield around you!
The bolt hits the yaktaur.
Something hits the yaktaur!
The yaktaur is engulfed in noxious fumes.
The yaktaur appears confused.
The yaktaur shoots a bolt.
The bolt hits you!
Casting: Mephitic Cloud (safe; 1% risk of failure)
Confirm with . or Enter, or press ? or * to list all spells.
Aiming: Mephitic Cloud (safe; 1% risk of failure)
Press: ? - help, Shift-Dir - straight line, p - yaktaur The ball explodes into a vile cloud!
The stinking cloud engulfs the yaktaur but does no damage.
The yaktaur is moderately wounded.
The stinking cloud engulfs the yaktaur but does no damage.
The yaktaur is moderately wounded.
The stinking cloud engulfs the yaktaur but does no damage.
The yaktaur is lightly wounded.
The yaktaur shoots a bolt.
The bolt hits you!!
Ouch! That really hurt!
* * * LOW HITPOINT WARNING * * *
The yaktaur is engulfed in noxious fumes.
The yaktaur appears confused.
The yaktaur hits the yaktaur.
The yaktaur hits itself!
Unknown command.
Unknown command.
The yaktaur shoots a bolt.
The bolt hits you!
You die...

.# .# ## #### ....#
#########c☼○..+
############....@..'.○c..#
..........÷..#######○c...#
############## ....# ####


You could see 3 yaktaurs.

Vanquished Creatures
  A two-headed ogre (D:10)
  A cyclops (D:11)
  2 gargoyles (D:10)
  A troll (D:10)
  A hornet (D:8)
  Sigmund (D:3)
  2 wraiths
  2 shadows (D:11)
  24 yaks
  2 wyverns
  5 orc warriors
  2 black bears
  A sky beast (D:7)
  An ogre (D:4)
  2 centaurs
  A phantom (D:5)
  2 kobold brigands
  A bullfrog (D:8)
  3 gnoll sergeants
  2 scorpions
  11 wights
  7 killer bees
  5 howler monkeys
  A crimson imp (D:6)
  2 jellies
  6 hounds
  5 orc priests
  6 iguanas
  A sleepcap (D:6)
  13 orc wizards
  Robin (D:3)
  16 gnolls
  7 adders
  A white imp (D:6)
  3 ufetubi
  3 dart slugs
  44 orcs
  7 ball pythons
  3 endoplasms
  4 giant cockroaches
  15 goblins
  8 hobgoblins
  12 jackals
  A quokka (D:3)
  6 bats
  5 frilled lizards
  18 kobolds
  7 rats
275 creatures vanquished.

Vanquished Creatures (collateral kills)
  An orc priest (D:3)
  3 gnolls (D:3)
  4 orcs (D:3)
  5 goblins (D:3)
  3 jackals (D:3)
  A kobold (D:3)
17 creatures vanquished.

Vanquished Creatures (others)
  A kobold brigand (D:9)
  194 foxfires
  26 plants (D:2)
221 creatures vanquished.

Grand Total: 513 creatures vanquished

Notes
Turn   | Place    | Note
-------+----------+-------------------------------------------
     0 | D:1      | pokeman the Deep Elf Hedge Wizard began the quest for the
                  | Orb.
     0 | D:1      | Reached XP level 1. HP: 10/10 MP: 7/7
   406 | D:1      | Reached XP level 2. HP: 15/15 MP: 5/9
   938 | D:1      | Reached skill level 5 in Spellcasting
  1027 | D:1      | Reached XP level 3. HP: 20/20 MP: 6/11
  1037 | D:1      | Learned a level 3 spell: Mephitic Cloud
  1040 | D:1      | Learned a level 2 spell: Call Imp
  1043 | D:1      | Learned a level 2 spell: Blink
  1965 | D:2      | Reached skill level 1 in Armour
  2051 | D:2      | Found Toafoyje's Weapon Emporium.
  2142 | D:2      | Reached skill level 1 in Fighting
  2327 | D:2      | Reached XP level 4. HP: 25/25 MP: 9/13
  2479 | D:2      | Found Osuil's One-of-a-Kind Rings.
  2831 | D:3      | Reached skill level 6 in Spellcasting
  2831 | D:3      | Reached XP level 5. HP: 12/29 MP: 1/15
  3293 | D:3      | Found a broken altar of Ashenzari.
  3362 | D:3      | Noticed Robin
  3382 | D:3      | Killed Robin
  3517 | D:3      | Learned a level 3 spell: Stone Arrow
  3584 | D:3      | Reached skill level 1 in Poison Magic
  3695 | D:3      | Noticed Sigmund
  3727 | D:3      | Killed Sigmund
  3728 | D:3      | Reached XP level 6. HP: 33/34 MP: 13/17
  3872 | D:3      | Upgraded the game from 0.30-a0-900-g23479c02f2 to
                  | 0.30-a0-913-g9934a0ce24
  3894 | D:3      | Reached skill level 1 in Air Magic
  3894 | D:3      | Reached skill level 1 in Earth Magic
  3897 | D:3      | Reached skill level 7 in Spellcasting
  4026 | D:4      | Reached XP level 7. HP: 38/38 MP: 15/19
  4136 | D:4      | Reached skill level 5 in Conjurations
  4319 | D:4      | Reached skill level 1 in Evocations
  4503 | D:4      | Reached skill level 1 in Fire Magic
  4622 | D:4      | Found a stormy altar of Qazlal.
  4656 | D:4      | Found an opulent altar of Gozag.
  5015 | D:4      | Found a staircase to the Ecumenical Temple.
  5024 | Temple   | Entered the Ecumenical Temple
  5159 | D:4      | Reached skill level 8 in Spellcasting
  5432 | D:5      | Entered Level 5 of the Dungeon
  5589 | D:5      | Reached XP level 8. HP: 44/44 MP: 18/22
  6070 | D:5      | Reached skill level 9 in Spellcasting
  6137 | D:5      | Found a glowing golden altar of the Shining One.
  6270 | D:5      | Learned a level 4 spell: Flame Wave
  6437 | D:5      | Found a shimmering blue altar of Sif Muna.
  6482 | D:5      | Identified the +5 flail "Witiwy" {heavy, Dex+3}
  7088 | D:6      | Found a shadowy altar of Dithmenos.
  7308 | D:6      | Found a burning altar of Makhleb.
  7667 | D:7      | Reached skill level 10 in Spellcasting
  8044 | D:7      | Reached XP level 9. HP: 48/48 MP: 17/25
  8397 | D:7      | Found a radiant altar of Vehumet.
  8527 | D:7      | Became a worshipper of Vehumet
  9020 | D:8      | Reached skill level 11 in Spellcasting
  9475 | D:8      | Reached skill level 5 in Fire Magic
  9931 | D:8      | Reached skill level 1 in Shields
 10035 | D:8      | Reached * piety under Vehumet
 10035 | D:8      | Offered knowledge of Foxfire by Vehumet.
 10036 | D:8      | Reached skill level 12 in Spellcasting
 10038 | D:8      | Learned a level 1 spell: Foxfire
 10358 | D:9      | Found a hide-covered altar of Uskayaw.
 10602 | D:9      | Reached XP level 10. HP: 56/56 MP: 20/28
 10754 | D:9      | Identified the +7 chain mail "Duik" {rN+}
 10903 | D:9      | Found an ancient bone altar of Kikubaaqudgha.
 11089 | D:9      | Reached skill level 13 in Spellcasting
 11405 | D:10     | Entered Level 10 of the Dungeon
 11464 | D:10     | Reached ** piety under Vehumet
 11464 | D:10     | Offered knowledge of Shock by Vehumet.
 11668 | D:10     | Found an ornate altar of the Wu Jian Council.
 11670 | D:10     | Found a portal to a secret trove of treasure.
 11727 | D:10     | Found a snail-covered altar of Cheibriados.
 11729 | D:10     | Noticed a gargoyle
 11735 | D:10     | Killed a gargoyle
 11949 | D:10     | Reached skill level 14 in Spellcasting
 12247 | D:10     | Noticed a gargoyle
 12249 | D:10     | Killed a gargoyle
 12250 | D:10     | Reached XP level 11. HP: 52/60 MP: 26/31
 12277 | D:10     | Noticed a two-headed ogre
 12283 | D:10     | Killed a two-headed ogre
 12378 | D:10     | Found Itomuxt's Armour Emporium.
 12383 | D:10     | Bought a +2 helmet of see invisible for 215 gold pieces
 13448 | D:11     | Reached skill level 15 in Spellcasting
 13694 | D:11     | HP: 3/60 [yaktaur/bolt (32)]
 13695 | D:11     | Shot with a bolt by a yaktaur

Illustrated notes

Levels and vault maps discovered:
D:1:      scummos_arrival_gate, layout_basic
D:2:      layout_rooms, serial_shops, shop_fountains, serial_bayou_lagoon_a,
          nicolae_shop_unique_rings, minmay_tall_x
D:3:      layout_basic, mainiacjoe_overflow_alcove_1, kennysheep_orc_chapel,
          uniq_sigmund, uniq_robin
D:4:      layout_loops_cross, nicolae_qazlal_eye_of_the_storm,
          nicolae_gozag_seed_capital, minmay_temple_entry_statues_pillars,
          nicolae_nh_ransacked_shop
D:5:      layout_loops_ring, kennysheep_little_box,
          mainiacjoe_overflow_tiny_flanked, nicolae_titane
D:6:      layout_gridville, nicolae_dithmenos_shadow_blocks,
          makhleb_grotto_becter
D:7:      layout_basic, general_overflow_altar
D:8:      layout_basic, minmay_fractal_squares_diagonal_5
D:9:      layout_irregular_city, mainiacjoe_overflow_surrounded_room,
          nicolae_overflow_crystal_walls, chequers_hall_statues_wall_a
D:10:     layout_irregular_city, chequers_temple_overflow_statue_of_worship,
          serial_shops, nicolae_shop_hallway_plus, enter_trove_2
D:11:     layout_roguey, erik_lair_dragon, corexii_checkpoint_b, fedhas_altar_2
Temple:   nicolae_temple_ecumenical_triangle

Skill      XL: |  1  2  3  4  5  6  7  8  9 10 11 |
---------------+----------------------------------+-----
Spellcasting   | 5 6 7 8 10 12 14 15 | 15.0
Armour         | 1 2 3 |  3.3
Fighting       | 1 2 3 |  3.0
Conjurations   | 2 4 5 6 7 9 |  9.5
Dodging        | 3 |  3.0
Stealth        | 3 |  3.1
Poison Magic   | 1 |  1.0
Air Magic      | 1 |  1.1
Earth Magic    | 1 2 |  2.0
Evocations     | 1 |  1.0
Fire Magic     | 2 3 5 7 |  7.9
Shields        | 1 3 4 |  4.0
Summonings     | |  1.1
Translocations | |  1.1

Action                     |  1- 3 |  4- 6 |  7- 9 | 10-12 || total
---------------------------+-------+-------+-------+-------++-------
  Melee: Dagger            |    13 |     4 |       |    20 ||    37
         Short sword       |       |    55 |    17 |       ||    72
         Hand axe          |       |       |    16 |       ||    16
         Flail             |       |       |    19 |     4 ||    23
         Punch             |       |       |       |     1 ||     1
   Cast: Magic Dart        |   125 |    54 |   118 |       ||   297
         Call Imp          |       |     8 |     1 |     1 ||    10
         Mephitic Cloud    |       |     7 |    20 |    10 ||    37
         Stone Arrow       |       |     1 |    80 |    62 ||   143
         Blink             |       |     1 |    21 |       ||    22
         Flame Wave        |       |       |    14 |     9 ||    23
         Foxfire           |       |       |    33 |    72 ||   105
   Stab: Confused          |       |     8 |     9 |     2 ||    19
 Armour: Robe              |     4 |    12 |    42 |     8 ||    66
  Dodge: Dodged            |    26 |    40 |    85 |    35 ||   186
  Block: Other             |       |    14 |    33 |    15 ||    62
         Reflection        |       |     4 |     2 |     1 ||     7

Table legend: (Time is in decaauts)
 A = Elapsed time spent in this place.
 B = Non-inter-level travel time spent in this place.
 C = Inter-level travel time spent in this place.
 D = Time resting spent in this place.
 E = Time spent auto-exploring this place.
 F = Levels seen in this place.
 G = Mean time per level.
                   A        B        C        D        E       F      G
               +--------+--------+--------+--------+--------+-----+--------+
         Total |  13713 |  13335 |    378 |   1027 |  10343 |  12 | 1142.8 |
       Dungeon |  13674 |  13305 |    369 |   1027 |  10318 |  11 | 1243.1 |
        Temple |     39 |     30 |      9 |      0 |     25 |   1 |   39.0 |
               +--------+--------+--------+--------+--------+-----+--------+

Top non-repeatable levels by time:
     D:1: 1600 daAuts
    D:10: 1589 daAuts
     D:3: 1586 daAuts
     D:7: 1581 daAuts
     D:5: 1251 daAuts
     D:4: 1216 daAuts
     D:9: 1123 daAuts
     D:8: 1106 daAuts
     D:2: 976 daAuts
     D:6: 939 daAuts
    D:11: 703 daAuts
  Temple: 39 daAuts
